Map: Royal Blood LE

Players

A.I. 1 (Very Easy) - Winner!

  • Race: Terran Terran
  • Spawn Location: 7:00

RustyShacky

  • Race: Terran Terran
  • League: Diamond
  • Spawn Location: 1:00

VOD

Have the link to the VOD?

Description

Time

  • Played on: Aug. 3, 2023, 9:46 a.m.
  • Length: 11:30
Show
View Real Time Build Order
Export as new Build Order

A.I. 1 (Very Easy) Terran - Winner!

Build Orders: Reaper Expand 

Get SALT Encoding   

  12  0:00  SCV  
  13  0:13  SCV  
  14  0:18  Supply Depot  
  14  0:42  Barracks  
  14  1:02  Command Center  
  14  1:28  Marine  
  14  1:29  Supply Depot  
  14  1:30  Orbital Command  
  15  1:36  Refinery  
  15  1:48  Refinery  
  15  1:56  SCV  
  16  2:08  SCV  
  17  2:15  SCV  
  18  2:16  Reaper  
  18  2:22  SCV  
  20  2:29  SCV  
  21  2:35  Refinery  
  21  2:36  SCV  
  22  2:43  SCV  
  23  2:51  SCV  
  24  2:58  SCV  
  25  3:04  Marine  
  25  3:05  SCV  
  27  3:12  SCV  
  28  3:19  Factory, SCV  
  29  3:41  Refinery  
  29  3:43  SCV  
  30  3:50  SCV  
  30  3:52  Marine  
  32  3:55  Supply Depot  
  32  3:57  SCV  
  33  4:04  Starport, SCV  
  34  4:11  SCV, Barracks Tech Lab  
  35  4:19  SCV  
  36  4:26  SCV  
  36  4:29  Supply Depot  
  37  4:33  SCV  
  38  4:40  SCV, Marauder  
  38  4:42  Starport Tech Lab  
  41  4:47  SCV  
  42  4:55  SCV  
  43  5:00  Raven  
  43  5:02  SCV  
  46  5:09  SCV  
  47  5:16  SCV  
  48  5:27  Marine  
  49  5:34  Raven  
  51  6:15  Marine  
  52  7:04  Marauder  
  54  10:22  SCV  
  54  10:38  Marine, Raven  
  42  10:53  Supply Depot  
  42  11:03  Marine  
  43  11:18  Supply Depot  
Show
View Real Time Build Order
Export as new Build Order

RustyShacky Terran 

Build Orders: Mech 

Get SALT Encoding   

  12  0:00  SCV  
  13  0:12  SCV  
  14  0:17  Supply Depot  
  14  0:24  SCV  
  15  0:39  SCV  
  15  0:40  Barracks  
  16  0:43  Refinery  
  16  0:51  SCV  
  16  0:53  Refinery  
  17  1:03  SCV  
  18  1:15  SCV  
  19  1:28  Reaper  
  19  1:30  Supply Depot  
  19  1:31  Orbital Command  
  20  1:42  Factory  
  20  1:58  SCV  
  21  2:05  Reaper  
  22  2:10  SCV  
  23  2:22  Command Center  
  23  2:28  SCV  
  24  2:35  Starport  
  24  2:40  SCV  
  24  2:42  Hellion  
  27  2:46  Barracks Reactor  
  27  2:52  SCV  
  27  2:55  Supply Depot  
  28  3:05  SCV  
  29  3:07  Factory Tech Lab  
  29  3:15  Fusion Core  
  29  3:17  SCV  
  30  3:29  SCV  
  30  3:33  Marine x2  
  33  3:34  Refinery  
  33  3:35  Factory Tech Lab  
  33  3:36  Orbital Command  
  33  3:41  SCV  
  34  3:53  SCV  
  35  4:04  Marine x2  
  35  4:05  SCV  
  35  4:07  SCV  
  39  4:11  Battlecruiser  
  45  4:17  SCV  
  45  4:19  SCV  
  45  4:20  Supply Depot  
  45  4:23  Marine  
  48  4:26  Marine  
  48  4:29  SCV  
  48  4:31  SCV, Cyclone  
  54  4:42  SCV  
  54  4:43  SCV, Supply Depot  
  56  4:49  Marine x2  
  58  4:54  SCV  
  58  4:55  SCV  
  60  5:04  Siege Tank  
  60  5:06  SCV, Supply Depot  
  64  5:07  SCV  
  64  5:10  Marine x2  
  67  5:19  SCV  
  67  5:21  SCV  
  69  5:28  Battlecruiser, Command Center  
  75  5:32  SCV  
  75  5:33  SCV  
  75  5:35  Supply Depot  
  77  5:36  Marine  
  77  5:40  Weapon Refit  
  77  5:41  Refinery  
  78  5:56  Marine, Siege Tank, SCV x2  
  84  5:59  Supply Depot  
  84  6:02  Supply Depot  
  84  6:08  SCV  
  84  6:09  SCV  
  86  6:21  Marine x2, SCV x2  
  86  6:24  Supply Depot  
  90  6:29  Supply Depot  
  90  6:31  Siege Tank  
  93  6:33  SCV x2  
  96  6:45  SCV x2  
  96  6:47  Viking x2  
  101  6:57  SCV x2  
  103  7:06  Refinery  
  103  7:07  Siege Tank  
  106  7:09  SCV x2  
  106  7:11  Refinery  
  106  7:13  Factory  
  106  7:15  Factory  
  108  7:22  Factory  
  108  7:25  Orbital Command  
  108  7:26  Factory, SCV x2  
  108  7:28  Supply Depot  
  110  7:30  Supply Depot  
  110  7:38  SCV x2  
  110  7:40  Viking  
  110  7:41  Viking, Supply Depot  
  110  7:43  Siege Tank  
  119  7:45  Supply Depot  
  119  8:04  Factory Tech Lab  
  119  8:06  Factory Reactor  
  119  8:10  Viking  
  119  8:11  Factory Tech Lab, Viking  
  123  8:16  Siege Tank x2  
  123  8:19  Supply Depot  
  129  8:22  Armory, Supply Depot  
  129  8:26  Armory  
  129  8:30  Engineering Bay  
  129  8:31  SCV  
  129  8:32  SCV x2  
  132  8:40  Supply Depot  
  132  8:42  Viking x2  
  132  8:43  SCV, Supply Depot  
  132  8:44  Siege Tank x2, SCV x2  
  132  8:46  Hellion x2  
  149  8:48  Hellion  
  151  9:09  Missile Turret  
  151  9:10  Siege Tank x2  
  151  9:11  Hellion, Sensor Tower  
  151  9:12  Hellion  
  151  9:13  Missile Turret  
  151  9:15  Missile Turret  
  151  9:16  Hellion x2  
  165  9:17  Terran Vehicle Weapons Level 1  
  165  9:19  Terran Ship Weapons Level 1  
  165  9:20  SCV  
  165  9:21  SCV x2  
  168  9:30  Viking x2  
  172  9:33  SCV x3  
  181  9:38  Hellion x3  
  181  9:39  Hellion  
  181  9:42  Hellion  
  185  9:52  Command Center  
  185  9:56  Command Center  
  185  10:00  Viking x2  
  185  10:05  Supply Depot  
  185  10:06  Supply Depot  
  189  10:14  Missile Turret x2  
  189  10:20  Missile Turret, Siege Tank  
  189  10:21  Missile Turret, Siege Tank  
  195  10:22  Hellion  
  195  10:26  Siege Tank  
  200  10:38  Hellion  
Tags
 
Composition
Mech
League
Diamond
Matchup
TvT
Race
Terran
Spawn Locations
Cross Positions
Add a new tag
Caveats
  • Supply blocks, unpowered buildings, or Contaminate may cause inaccurate times.
  • Supply counts are checked every 10 seconds.